Map: Hecate LE

Players

GrtDeceiver - Winner!

  • Race: Zerg Zerg
  • League: Platinum
  • Spawn Location: 1:00

HyperBeTTa

  • Race: Terran Terran
  • League: Platinum
  • Spawn Location: 7:00

VOD

Have the link to the VOD?

Description

Time

  • Played on: Oct. 11, 2023, 8:04 p.m.
  • Length: 13:25
Show
View Real Time Build Order
Export as new Build Order

GrtDeceiver Zerg - Winner!

Build Orders: Hatch First, Lurkers, Roach Hydra 

Get SALT Encoding   

  12  0:00  Drone  
  13  0:13  Overlord  
  13  0:18  Drone  
  14  0:32  Drone x2  
  16  0:40  Drone  
  17  0:53  Hatchery  
  17  0:56  Drone  
  17  0:59  Drone  
  18  1:10  Extractor  
  17  1:16  Spawning Pool  
  17  1:17  Drone  
  17  1:20  Drone  
  18  1:31  Drone  
  19  1:43  Overlord  
  19  1:55  Drone  
  20  2:03  Queen  
  20  2:04  Zergling x2  
  20  2:06  Queen  
  20  2:07  Zergling x2  
  26  2:16  Drone  
  26  2:21  Drone  
  28  2:23  Drone  
  29  2:31  Drone  
  29  2:33  Overlord  
  30  2:43  Drone  
  30  2:44  Queen  
  33  2:57  Hatchery  
  32  3:00  Drone x4  
  36  3:08  Roach Warren  
  35  3:15  Drone x4  
  39  3:34  Drone x5, Overlord  
  44  3:47  Lair  
  44  3:51  Extractor  
  43  3:57  Queen  
  45  4:08  Roach x3  
  51  4:11  Overlord x3  
  51  4:28  Evolution Chamber  
  51  4:29  Extractor  
  51  4:30  Drone  
  51  4:31  Drone  
  51  4:32  Extractor, Spore Crawler  
  49  4:39  Spore Crawler  
  49  4:41  Drone x3  
  49  4:42  Drone  
  49  4:43  Drone x2  
  54  4:47  Drone  
  54  4:48  Drone  
  56  4:54  Drone x2  
  56  4:57  Drone  
  56  4:58  Drone x5  
  56  4:59  Overlord  
  64  5:01  Roach x2  
  64  5:05  Metabolic Boost  
  68  5:08  Zerg Missile Weapons Level 1  
  68  5:14  Spore Crawler  
  68  5:19  Drone x4  
  71  5:21  Overlord  
  71  5:27  Queen  
  73  5:30  Drone x2  
  73  5:32  Drone  
  76  5:43  Evolution Chamber  
  76  5:44  Glial Reconstitution  
  75  5:55  Drone x4, Overlord  
  75  5:56  Overlord x3  
  79  6:00  Extractor  
  79  6:01  Extractor  
  79  6:03  Spine Crawler  
  76  6:13  Overseer  
  76  6:25  Zerg Ground Armor Level 1  
  76  6:29  Drone  
  76  6:30  Drone, Hydralisk Den  
  77  6:38  Hatchery  
  76  6:56  Roach  
  76  6:57  Roach x5  
  88  7:07  Drone x3  
  88  7:08  Drone x3  
  94  7:11  Grooved Spines  
  94  7:12  Spire  
  93  7:16  Pneumatized Carapace  
  93  7:27  Drone  
  93  7:29  Drone x4  
  99  7:30  Drone x2  
  100  7:47  Zergling x2  
  100  7:49  Zergling x2  
  102  7:59  Hatchery  
  102  8:00  Spore Crawler  
  102  8:01  Muscular Augments  
  102  8:04  Spore Crawler  
  99  8:08  Drone x3, Spore Crawler  
  100  8:29  Zerg Flyer Armor Level 1  
  100  8:30  Overlord x5  
  100  8:32  Hydralisk x10  
  119  8:39  Overlord x3  
  119  8:53  Drone  
  119  8:54  Drone x15  
  135  9:00  Overlord  
  135  9:01  Hydralisk, Overlord  
  135  9:02  Hydralisk x2  
  141  9:08  Overseer  
  141  9:23  Hydralisk x7  
  141  9:24  Hydralisk x7  
  143  9:30  Lurker Den  
  168  9:35  Queen  
  170  9:39  Extractor  
  170  9:41  Extractor, Spore Crawler  
  170  9:43  Drone x3  
  170  9:44  Drone x3  
  170  9:45  Drone x3  
  175  9:47  Hydralisk  
  175  9:48  Hydralisk x5  
  175  9:51  Zerg Missile Weapons Level 2  
  188  10:14  Corruptor x6  
  200  10:27  Hatchery  
  199  10:39  Infestation Pit  
  176  11:13  Hydralisk x7  
  176  11:14  Hydralisk x10  
  186  11:23  Roach  
  186  11:24  Roach x13  
  188  11:37  Hydralisk  
  188  11:38  Hydralisk x13  
  190  11:50  Hydralisk x5  
  182  12:24  Lurker  
  182  12:26  Lurker  
  182  12:27  Lurker x5  
  182  12:28  Lurker x4  
  187  12:32  Hydralisk  
  187  12:33  Hydralisk x4  
Show
View Real Time Build Order
Export as new Build Order

HyperBeTTa Terran 

Build Orders:  

Get SALT Encoding   

  12  0:02  SCV  
  13  0:14  SCV  
  14  0:21  Supply Depot  
  14  0:26  SCV  
  15  0:37  Refinery  
  16  0:42  SCV  
  16  0:45  Barracks  
  16  0:55  SCV  
  17  1:07  SCV  
  18  1:19  SCV  
  19  1:37  Command Center  
  19  1:38  Bunker  
  19  1:40  Marine  
  20  1:50  Supply Depot  
  20  1:51  SCV  
  21  1:58  Marine  
  22  2:06  Orbital Command  
  22  2:16  Bunker  
  22  2:21  Engineering Bay  
  22  2:23  Barracks Tech Lab  
  22  2:30  Refinery  
  22  2:33  SCV  
  23  2:42  Concussive Shells, Marauder  
  25  2:51  Orbital Command  
  25  2:56  Neosteel Armor  
  25  2:59  SCV  
  26  3:11  SCV  
  27  3:15  Factory  
  27  3:19  SCV  
  28  3:23  SCV  
  29  3:31  SCV  
  29  3:33  Supply Depot  
  30  3:41  Factory  
  30  3:43  SCV  
  30  3:46  Barracks Reactor, SCV  
  32  3:54  Refinery  
  32  3:55  SCV  
  33  4:07  SCV  
  33  4:08  Hellion  
  33  4:09  Infernal Pre-Igniter  
  37  4:17  SCV  
  37  4:19  SCV  
  37  4:20  Supply Depot  
  38  4:29  Hellion  
  40  4:31  Hellion x2  
  40  4:33  SCV  
  40  4:36  Hi-Sec Auto Tracking  
  45  4:40  Marine  
  46  4:46  Supply Depot  
  46  4:48  SCV  
  46  4:49  SCV  
  48  4:56  Missile Turret  
  48  4:57  Marine  
  48  4:58  Siege Tank  
  48  4:59  Hellion x2  
  56  5:07  Starport  
  56  5:11  SCV  
  56  5:12  SCV, Starport  
  58  5:18  Armory  
  58  5:21  Missile Turret  
  58  5:23  SCV  
  58  5:26  Refinery  
  59  5:29  SCV  
  60  5:39  Cyclone  
  62  5:43  SCV  
  62  5:46  Supply Depot  
  62  5:48  Barracks Tech Lab  
  62  5:49  Liberator  
  63  5:50  Liberator  
  69  6:05  Command Center  
  69  6:12  Siege Tank  
  72  6:22  Missile Turret  
  72  6:23  SCV  
  73  6:28  Terran Vehicle Weapons Level 1  
  73  6:33  Command Center  
  73  6:35  SCV  
  74  6:43  Starport Tech Lab  
  74  6:47  SCV  
  75  7:17  Terran Infantry Weapons Level 1  
  75  7:24  Missile Turret, Medivac x2  
  75  7:25  Liberator  
  75  7:27  Interference Matrix  
  82  7:32  SCV  
  83  7:42  Thor  
  89  7:44  Thor, SCV  
  89  7:45  Barracks Tech Lab  
  96  7:55  Planetary Fortress  
  96  7:56  Refinery  
  96  7:57  SCV  
  97  8:09  SCV  
  99  8:12  SCV  
  99  8:15  Planetary Fortress  
  99  8:21  SCV  
  99  8:25  SCV  
  100  8:37  Missile Turret, SCV, Refinery  
  100  8:38  Refinery  
  100  8:40  Thor  
  107  8:43  SCV  
  107  8:48  Refinery  
  108  9:07  Command Center  
  108  9:10  Command Center  
  108  9:11  Missile Turret  
  108  9:24  Terran Vehicle Weapons Level 2  
  108  9:31  Armory  
  108  9:32  Missile Turret, Supply Depot  
  108  9:36  Terran Infantry Armor Level 1  
  108  9:42  Supply Depot  
  108  9:53  Thor, Command Center, Missile Turret, SCV x2  
  108  9:55  Supply Depot  
  116  10:03  Banshee, Liberator, SCV  
  116  10:05  SCV  
  124  10:16  Thor, SCV x2  
  124  10:19  Liberator, SCV  
  136  10:23  Planetary Fortress  
  136  10:27  Command Center  
  136  10:28  SCV x2  
  136  10:31  SCV  
  139  10:38  Thor  
  139  10:39  Barracks Tech Lab  
  139  10:41  Factory  
  145  10:43  Planetary Fortress, SCV  
  146  10:52  Liberator x2  
  113  11:22  Thor x2  
  116  11:43  Missile Turret  
  116  11:49  Missile Turret  
  116  11:59  Refinery  
  88  12:09  Siege Tank x2  
  76  12:28  Banshee  
  67  12:31  Liberator x2  
  73  12:40  Marauder  
  55  12:56  SCV  
  55  12:58  SCV  
  57  13:01  Marauder  
  56  13:08  SCV  
  56  13:10  SCV  
  56  13:13  Fusion Core  
Tags
 
Add a new tag
Caveats
  • Supply blocks, unpowered buildings, or Contaminate may cause inaccurate times.
  • Supply counts are checked every 10 seconds.